 Dungeon Crawl Stone Soup version 0.30.1-4-g462c640d31 (webtiles) character file.

Game seed: 2626042444740401366

16172 Zeor the Tainter (level 12, -6/97 HPs)
             Began as a Naga Venom Mage on Aug 15, 2023.
             Was a Follower of Vehumet.
             Mangled by a komodo dragon (24 damage)
             ... on level 2 of the Lair of Beasts.
             The game lasted 00:47:00 (12903 turns).

Zeor the Tainter (Naga Venom Mage)                 Turns: 12903, Time: 00:47:02

Health: -6/97      AC: 14    Str: 12    XL:     12   Next: 34%
Magic:  4/26       EV: 10    Int: 19    God:    Vehumet [*.....]
Gold:   517        SH:  5    Dex: 12    Spells: 10/31 levels left

rFire   + . .        a - +6 long sword (holy)
rCold   . . .        l - +0 buckler
rNeg    . . .        z - +1 leather armour {rF+}
rPois   +            E - +0 helmet
rElec   .            i - +1 cloak
rCorr   .            (no gloves)
SInv    +            (no barding)
Will    ++...        (no amulet)
Stlth   +++          s - +4 ring of protection
HPRegen 0.36/turn    L - ring of willpower
MPRegen 0.20/turn

%: no passive effects
@: very slow
A: AC +4, large, see invisible, deformed body, poison resistance, slowness 2,
spit poison 1, naga tail 1
a: Spit Poison, Renounce Religion


You were on level 2 of the Lair of Beasts.
You worshipped Vehumet.
Vehumet was aware of your devotion.
You visited 3 branches of the dungeon, and saw 13 of its levels.

You collected 517 gold pieces.

Inventory:

Hand Weapons
 a - a +6 long sword of holy wrath (weapon)
 f - a +2 dagger of draining
 y - a +3 long sword of freezing
 B - a +3 quarterstaff of chaos
Missiles
 h - 7 atropa-tipped darts
 p - a throwing net
Armour
 i - a +1 cloak (worn)
 l - a +0 buckler (worn)
 z - a +1 leather armour of fire resistance (worn)
 E - a +0 helmet (worn)
Magical Staves
 K - a staff of fire
Jewellery
 o - the amulet of the Ant {Spirit Fly rN++}
   (You found it on level 4 of the Dungeon)

   [amulet of guardian spirit]

   It causes incoming damage to be divided between your reserves of health and
   magic.
   rN:        It greatly protects you from negative energy.
   Fly:       It grants you flight.
 r - the amulet of the Evil One {Faith rC+}
   (You found it on level 5 of the Dungeon)

   [amulet of faith]

   It allows you to gain divine favour quickly.
   rC:        It protects you from cold.
 s - a +4 ring of protection (left hand)
 v - a +6 ring of dexterity
 H - a ring of flight
 J - a ring of ice
 L - a ring of willpower (right hand)
Wands
 u - a wand of iceblast (1)
 C - a wand of paralysis (7)
Scrolls
 c - a scroll of magic mapping
 e - 3 scrolls of blinking
 g - 3 scrolls of enchant armour
 n - 5 scrolls of teleportation
 D - 2 scrolls of identify
 F - a scroll of silence
 G - a scroll of fear
Potions
 b - 2 potions of magic
 d - 2 potions of haste
 j - 3 potions of lignification
 k - 3 potions of resistance
 m - a potion of curing
 q - 4 potions of flight
 t - a potion of brilliance
 w - a potion of might
 x - a potion of ambrosia
 A - 3 potions of attraction
 I - 2 potions of cancellation


   Skills:
 + Level 3.5 Fighting
 + Level 2.1(4.2) Short Blades
 + Level 5.8(6.0) Long Blades
 + Level 3.2 Armour
 + Level 3.6 Dodging
 + Level 6.8 Stealth
 + Level 6.2 Shields
 * Level 10.3 Spellcasting
 + Level 0.8 Conjurations
 + Level 4.4 Transmutations
 + Level 2.1 Air Magic
 * Level 13.4 Poison Magic


You had 10 spell levels left.
You knew the following spells:

 Your Spells              Type           Power      Damage    Failure   Level
b - Eringya's Noxious Bo  Tmut/Pois      21%        N/A       43%         6
c - Mephitic Cloud        Conj/Pois/Air  30%        N/A       3%          3
i - Alistair's Intoxicat  Tmut/Pois      28%        N/A       9%          5
r - Olgreb's Toxic Radia  Pois           57%        N/A       1%          4
s - Sting                 Tmut/Pois      100%       1d8       1%          1
v - Poisonous Vapours     Pois/Air       78%        N/A       1%          2

Your spell library contained the following spells:

 Spells                   Type           Power      Damage    Failure   Level
 Freeze                   Ice            36%        1d5       12%         1
 Slow                     Hex            36%        N/A       12%         1
 Dazzling Flash           Conj/Hex       22%        N/A       30%         3
 Confusing Touch          Hex            9%         N/A       36%         3
 Ozocubu's Armour         Ice            9%         N/A       36%         3
 Vampiric Draining        Necr           9%         2d6       36%         3
 Silence                  Hex/Air        6%         N/A       91%         5
 Agony                    Necr           9%         N/A       98%         5
 Borgnjor's Vile Clutch   Necr/Erth      4%         N/A       98%         5
 Metabolic Englaciation   Hex/Ice        4%         N/A       98%         5
 Simulacrum               Ice/Necr       4%         N/A       100%        6


Dungeon Overview and Level Annotations

Branches:
Dungeon (10/15)            Temple (1/1) D:6            Lair (2/5) D:8
  Swamp: Lair:2-3    Shoals: Lair:2-3     Snake: Lair:2-3    Spider: Lair:2-3
    Orc: D:9-12

Altars:
Ashenzari
Cheibriados
Dithmenos
Elyvilon
Fedhas
Gozag
Hepliaklqana
Kikubaaqudgha
Makhleb
Nemelex Xobeh
Okawaru
Qazlal
Ru
Sif Muna
Trog
Uskayaw
Vehumet
Wu Jian
Xom
Yredelemnul
Zin
The Shining One

Shops:
D:7 =

Annotations:
D:10 1 transporter


Innate Abilities, Weirdness & Mutations

Your serpentine skin is tough. (AC +4)
You have supernaturally acute eyesight. (SInv)
Armour fits poorly on your strangely shaped body.
Your system is resistant to poisons. (rPois)
You cover ground very slowly.
You can spit poison.
You have a snake-like lower body.


Message History

The komodo dragon is moderately wounded.
You feel less wooden.
Your +1 cloak unmelds from your body.
Your +0 helmet unmelds from your body.
Your +1 leather armour of fire resistance unmelds from your body.
You feel resistant to fire. You block the komodo dragon's attack.
Casting: Sting (safe; 1% risk of failure)
Confirm with . or Enter, or press ? or * to list all spells.
Aiming: Sting (safe; 1% risk of failure)
Press: ? - help, Shift-Dir - straight line, f/p - komodo dragon
Aim: a komodo dragon (moderately wounded, very poisoned, 84% to hit)
The sting hits the komodo dragon.
The komodo dragon looks even sicker.
The komodo dragon is heavily wounded.
The komodo dragon bites you!
* * * LOW HITPOINT WARNING * * *
You hit the komodo dragon.
The komodo dragon is heavily wounded.
The komodo dragon bites you but does no damage.
You hit the komodo dragon.
The komodo dragon is severely wounded.
The komodo dragon bites you but does no damage.
You hit the komodo dragon.
The komodo dragon is severely wounded.
The komodo dragon closely misses you.
You hit the komodo dragon but do no damage.
The komodo dragon is severely wounded.
The komodo dragon bites you but does no damage.
You barely miss the komodo dragon.
The komodo dragon is severely wounded.
The komodo dragon bites you!
* * * LOW HITPOINT WARNING * * *
Okay, then.
Casting: Sting (safe; 1% risk of failure)
Confirm with . or Enter, or press ? or * to list all spells.
Aiming: Sting (safe; 1% risk of failure)
Press: ? - help, Shift-Dir - straight line, f/p - komodo dragon
Aim: a komodo dragon (severely wounded, very poisoned, 84% to hit)
The sting hits the komodo dragon.
The komodo dragon looks even sicker.
The komodo dragon is severely wounded.
The komodo dragon bites you!!
You die... ▒▒∙ ▒P∙ ∙ ∙∙ ∙l▒▒▒∙▒▒▒ ∙∙∙∙∙∙∙∙▒ ▒∙∙∙∙▒▒ ▒▒ ▒ ▒∙∙∙P▒ ∙▒∙▒ ▒▒▒▒∙†∙▒▒▒∙▒∙▒∙ ▒▒∙∙▒▒N†▒ ∙∙∙∙∙

▒∙∙∙∙▒▒l▒▒∙∙∙▒
▒▒∙∙∙∙∙∙†P∙∙∙∙▒▒ ▒▒
▒▒)<∙PP∙▒∙∙∙∙∙∙∙▒∙
▒P∙▒▒∙▒∙∙∙∙∙∙∙∙†∙∙∙∙∙▒
▒▒∙∙∙∙∙∙∙∙∙∙∙∙∙∙∙∙∙∙∙∙
▒∙∙∙∙∙<∙∙∙▒▒▒▒▒∙∙∙P∙∙∙
▒▒∙P▒▒▒▒∙▒▒ ∙▒∙▒▒▒▒ ▒▒
▒▒▒ ∙∙∙∙▒


You could see a komodo dragon (very poisoned).

Vanquished Creatures
  Erolcha (D:9)
  A two-headed ogre (D:10)
  A deep elf pyromancer (D:7)
  A manticore (D:7)
  A cyclops (D:9)
  3 black mambas (Lair:1)
  2 cane toads (Lair:1)
  3 komodo dragons
  2 trolls
  Grinder (D:6)
  5 blink frogs (Lair:2)
  20 yaks
  3 wyverns
  A wraith (D:9)
  3 steam dragons
  4 basilisks
  Menkaure (D:4)
  4 water moccasins
  3 orc warriors
  3 sky beasts (D:6)
  An ice beast (D:6)
  A black bear (D:5)
  An ogre (D:5)
  8 wolves
  2 centaurs
  A phantom (D:5)
  Blork the orc (D:6)
  7 bullfrogs
  A gnoll sergeant (D:7)
  5 scorpions
  12 wights
  9 killer bees
  5 howler monkeys
  5 electric eels
  Crazy Yiuf (D:7)
  6 hounds
  A jelly (D:5)
  5 orc priests
  Terence (D:3)
  3 iguanas
  A sleepcap (D:7)
  10 orc wizards
  4 gnolls
  5 adders
  2 shadow imps
  2 ufetubi
  5 dart slugs
  41 orcs
  7 ball pythons
  9 bats
  3 endoplasms
  7 giant cockroaches
  6 goblins
  9 hobgoblins
  9 jackals
  6 kobolds
  4 quokkas
  3 frilled lizards
  5 rats
277 creatures vanquished.

Notes
Turn   | Place    | Note
-------+----------+-------------------------------------------
     0 | D:1      | Zeor the Naga Venom Mage began the quest for the Orb.
     0 | D:1      | Reached XP level 1. HP: 15/15 MP: 3/3
   180 | D:1      | Reached XP level 2. HP: 22/22 MP: 3/5
   213 | D:1      | Learned a level 2 spell: Poisonous Vapours
   621 | D:1      | Reached XP level 3. HP: 24/28 MP: 2/6
   686 | D:1      | Found a faded altar of an unknown god.
   786 | D:2      | Learned a level 3 spell: Mephitic Cloud
   977 | D:2      | Reached skill level 5 in Poison Magic
  1293 | D:2      | Reached XP level 4. HP: 36/36 MP: 4/7
  1677 | D:3      | Noticed a water moccasin
  1698 | D:3      | Killed a water moccasin
  1699 | D:3      | Reached XP level 5. HP: 36/42 MP: 7/9
  2070 | D:3      | Noticed Terence
  2084 | D:3      | Killed Terence
  2085 | D:3      | Reached skill level 1 in Short Blades
  2243 | D:3      | Noticed a steam dragon
  2257 | D:3      | Killed a steam dragon
  2258 | D:3      | Reached skill level 6 in Poison Magic
  2258 | D:3      | Reached XP level 6. HP: 35/50 MP: 5/11
  2604 | D:3      | Reached skill level 1 in Shields
  2836 | D:4      | Reached XP level 7. HP: 52/56 MP: 9/12
  2869 | D:4      | Noticed a fire elemental
  2875 | D:4      | Found a stormy altar of Qazlal.
  2977 | D:4      | Noticed a water elemental
  2977 | D:4      | Noticed an air elemental
  2990 | D:4      | Noticed Menkaure
  3007 | D:4      | Killed Menkaure
  3347 | D:4      | Identified the amulet of the Ant {Spirit Fly rN++}
  3621 | D:4      | Learned a level 4 spell: Olgreb's Toxic Radiance
  3920 | D:5      | Entered Level 5 of the Dungeon
  3951 | D:5      | Reached skill level 7 in Poison Magic
  3959 | D:5      | Reached skill level 1 in Air Magic
  4025 | D:5      | Reached XP level 8. HP: 55/63 MP: 8/14
  4176 | D:5      | Identified the amulet of the Evil One {Faith rC+}
  4410 | D:5      | Reached skill level 5 in Spellcasting
  4828 | D:5      | Reached skill level 5 in Stealth
  5002 | D:6      | Reached skill level 1 in Fighting
  5123 | D:6      | Reached skill level 8 in Poison Magic
  5298 | D:6      | Found a staircase to the Ecumenical Temple.
  5299 | D:6      | Noticed Blork the orc
  5311 | D:6      | Reached XP level 9. HP: 73/73 MP: 0/18
  5313 | D:6      | Killed Blork the orc
  5422 | Temple   | Entered the Ecumenical Temple
  5680 | D:6      | Found a broken altar of Ashenzari.
  5691 | D:6      | Found a hide-covered altar of Uskayaw.
  5744 | D:6      | Noticed Grinder
  5755 | D:6      | Killed Grinder
  5756 | D:6      | Reached skill level 9 in Poison Magic
  6270 | D:7      | Reached skill level 1 in Long Blades
  6410 | D:7      | Learned a level 5 spell: Alistair's Intoxication
  6829 | D:7      | Reached skill level 1 in Armour
  7131 | D:7      | Found Zewaigae's Jewellery Shop.
  7319 | D:7      | Noticed a deep elf pyromancer
  7321 | D:7      | Noticed a manticore
  7329 | D:7      | Killed a manticore
  7330 | D:7      | Reached XP level 10. HP: 30/81 MP: 1/20
  7334 | D:7      | Killed a deep elf pyromancer
  7335 | D:7      | Reached skill level 10 in Poison Magic
  7518 | D:7      | Found a runed translucent door.
  7519 | D:7      | Noticed Crazy Yiuf
  7572 | D:7      | Found a sacrificial altar of Ru.
  7634 | D:7      | Killed Crazy Yiuf
  8025 | D:8      | Paralysed by an orc wizard for 3 turns
  8038 | D:8      | Reached skill level 11 in Poison Magic
  8045 | D:8      | Reached skill level 5 in Shields
  8194 | D:8      | Found a staircase to the Lair.
  8820 | D:9      | Noticed Erolcha
  8829 | D:9      | Killed Erolcha
  8830 | D:9      | Reached XP level 11. HP: 31/87 MP: 12/23
  9812 | D:9      | Noticed a cyclops
  9823 | D:9      | Killed a cyclops
 10393 | D:10     | Entered Level 10 of the Dungeon
 10422 | D:10     | Noticed a two-headed ogre
 10434 | D:10     | Killed a two-headed ogre
 10617 | D:10     | Reached skill level 12 in Poison Magic
 10826 | D:10     | Found a radiant altar of Vehumet.
 10834 | D:10     | Became a worshipper of Vehumet
 10930 | D:10     | Found a transporter.
 11010 | Lair:1   | Entered Level 1 of the Lair of Beasts
 11427 | Lair:1   | Reached skill level 5 in Long Blades
 11812 | Lair:1   | Reached XP level 12. HP: 96/97 MP: 22/25
 11875 | Lair:1   | HP: 1/97 [black mamba (12)]
 12184 | Lair:1   | Reached skill level 10 in Spellcasting
 12185 | Lair:1   | Reached skill level 13 in Poison Magic
 12768 | Lair:2   | Learned a level 6 spell: Eringya's Noxious Bog
 12866 | Lair:2   | Reached * piety under Vehumet
 12866 | Lair:2   | Offered knowledge of Freeze by Vehumet.
 12903 | Lair:2   | Mangled by a komodo dragon

Illustrated notes

Levels and vault maps discovered:
D:1:      dpeg_arrival_brainrot, layout_rooms,
          hellmonk_ecumenical_altar_defaced_shrine
D:2:      layout_basic, grunt_decor_junction
D:3:      layout_rooms, nicolae_hexahallways, minmay_misc_feat_chi,
          minmay_unequal, uniq_terence
D:4:      layout_loops_ring, nicolae_qazlal_style_of_elements, uniq_menkaure
D:5:      layout_loops_cross, grunt_ministairs_10
D:6:      layout_loops_cross, minitemple, minmay_temple_entry_large_hall,
          kennysheep_generic_room_2, uniq_blork_the_orc, uniq_grinder
D:7:      minmay_cornered_nines, layout_loops_ring,
          mainiacjoe_overflow_alcove_1, serial_shops, nicolae_shop_trees,
          uniq_crazy_yiuf_cottage
D:8:      layout_loops_ring, erik_lair_island, serial_bayou,
          serial_bayou_pond_a, serial_bayou_ford_a, serial_bayou_pond_c,
          serial_bayou_pond_a
D:9:      layout_long_grid, special_room [special_room_orc], uniq_erolcha
D:10:     layout_irregular_city, old_standard_altar,
          gammafunk_ghost_abyssal_escape
Temple:   nicolae_temple_bog_church
Lair:1:   wander_river, layout_regular_city, serial_bayou_shore_a
Lair:2:   layout_misc_corridors, nicolae_snake_entry_warm_welcome,
          amcnicky_mini_pool_medium, grunt_megastairs_2

Skill      XL: |  1  2  3  4  5  6  7  8  9 10 11 12 |
---------------+-------------------------------------+-----
Poison Magic   | 5 6 7 8 9 11 12 13 | 13.4
Dodging        | 2 3 |  3.6
Stealth        | 4 5 6 |  6.8
Spellcasting   | 3 4 6 7 8 9 10 | 10.3
Transmutations | 2 3 4 |  4.4
Short Blades   | 1 2 |  2.1
Shields        | 1 2 4 5 6 |  6.2
Air Magic      | 1 2 |  2.1
Fighting       | 1 2 3 |  3.5
Long Blades    | 3 4 5 |  5.8
Armour         | 1 2 3 |  3.2
Conjurations   | |  0.8

Action                     |  1- 3 |  4- 6 |  7- 9 | 10-12 || total
---------------------------+-------+-------+-------+-------++-------
  Melee: Falchion          |     6 |       |       |       ||     6
         Dagger            |    23 |    71 |   121 |       ||   215
         Punch             |       |       |     4 |     1 ||     5
         Long sword        |       |       |    76 |   232 ||   308
   Cast: Sting             |    37 |    23 |    55 |    53 ||   168
         Poisonous Vapours |     6 |     5 |    22 |    20 ||    53
         Mephitic Cloud    |       |     3 |     6 |    15 ||    24
         Olgreb's Toxic Ra |       |       |    17 |    38 ||    55
         Alistair's Intoxi |       |       |     1 |     4 ||     5
Ability: Spit Poison       |     1 |       |     3 |     5 ||     9
    Use: Scroll            |     6 |     3 |     7 |     6 ||    22
         Potion            |       |     1 |     3 |     9 ||    13
   Stab: Sleeping          |     2 |     2 |     2 |     1 ||     7
         Confused          |       |     2 |     2 |    10 ||    14
 Armour: Robe              |    17 |    18 |    59 |       ||    94
         Skin              |       |    16 |       |    21 ||    37
         Leather armour    |       |       |    26 |   105 ||   131
  Dodge: Dodged            |    33 |    47 |   112 |   140 ||   332
  Block: Buckler           |       |       |       |    58 ||    58
